 Dungeon Crawl Stone Soup version 0.21-a0-286-g6fcecc0 (webtiles) character file.

217 4thArraOfDagon the Chiller (level 5, -3/31 HPs)
             Began as an Octopode Ice Elementalist on Sept 25, 2017.
             Slain by a hound (6 damage)
             ... on level 5 of the Dungeon.
             The game lasted 00:04:19 (924 turns).

4thArraOfDagon the Chiller (OpIE)                    Turns: 924, Time: 00:04:20

Health: -3/31      AC:  1    Str:  8    XL:     5   Next: 94%
Magic:  8/8        EV: 13    Int: 18    God:
Gold:   158        SH:  0    Dex: 12    Spells: 7/8 levels left

rFire    . . .     SeeInvis .   k - +0 short sword (curse)
rCold    . . .     Gourm    .   (no shield)
rNeg     . . .     Faith    .   (helmet restricted)
rPois    .         Spirit   .   (no amulet)
rElec    .         Reflect  .   (no ring)
rCorr    .         Harm     .   (no ring)
MR       .....                  (no ring)
Stlth    +++.......             (no ring)
HPRegen  0.10/turn              (no ring)
MPRegen  0.11/turn              (no ring)
                                (no ring)
                                (no ring)

@: flying
A: almost no armour, stealthy swim, amphibious, 8 rings, constrict 8, camouflage
1, gelatinous body 1
a: no special abilities


You were on level 5 of the Dungeon.
You were not hungry.

You visited 1 branch of the dungeon, and saw 5 of its levels.

You collected 158 gold pieces.

Inventory:

Hand Weapons
 i - a +0 rapier
 k - a cursed +0 short sword (weapon)
Wands
 c - a wand of paralysis (12/24)
Scrolls
 g - a scroll of teleportation
 j - a scroll of enchant armour
Potions
 e - a potion of degeneration
 h - 2 potions of might
Books
 a - a book of Frost

   Spells                             Type                      Level
   a - Freeze                         Ice                          1
   b - Throw Frost                    Conjuration/Ice              2
   c - Ozocubu's Armour               Charms/Ice                   3
   d - Throw Icicle                   Conjuration/Ice              4
   e - Summon Ice Beast               Ice/Summoning                4
Comestibles
 b - 3 bread rations
 f - 2 royal jellies
 l - a meat ration


   Skills:
 - Level 2.0 Dodging
 - Level 2.6 Stealth
 - Level 2.1 Spellcasting
   Level 1.0 Conjurations
 * Level 6.3 Ice Magic


You had 7 spell levels left.
You knew the following spells:

 Your Spells              Type           Power        Failure   Level  Hunger
a - Freeze                Ice            ###.         1%          1    #......


Dungeon Overview and Level Annotations

Branches:
Dungeon (5/15)
 Temple: D:4-7

Altars:
Fedhas
Nemelex Xobeh
Wu Jian

Annotations:
D:5 Sigmund


Innate Abilities, Weirdness & Mutations

You cannot wear most types of armour.
You are very stealthy in the water. (Stealth+)
You are amphibious.
You can wear up to eight rings at the same time.
You can use your tentacles to constrict eight enemies at once.
Your skin changes colour to match your surroundings (Stealth+).
Your rubbery body absorbs attacks. (AC +1, EV +1)


Message History

You hear an angry hiss.
The howler monkey hoots and howls with incredible vigour!
Okay, then.
It was a potion of flight.
You feel very buoyant.
You fly up into the air.
As you read the scroll of teleportation, it crumbles to dust.
You feel strangely unstable. The howler monkey hits you.
* * * LOW HITPOINT WARNING * * *
Unknown command.
The howler monkey closely misses you.
Unknown command.
Unknown command.
Your surroundings suddenly seem different.
A hound comes into view.
The helpless hound fails to defend itself.
You hit the hound. Your grab misses the hound. Your squeeze misses the hound.
The hound is lightly wounded.
The hound bites you but does no damage. The hound bites you.
You die...

# .# #.##
####...##
+..@h...#
####....#
#.#.# ##
#


You could see a hound.

Vanquished Creatures
  A centaur (D:5)
  A scorpion (D:5)
  A centaur skeleton (D:5)
  A worker ant (D:4)
  2 adders (D:4)
  2 leopard geckos (D:2)
  2 ball pythons
  2 giant cockroaches (D:5)
  3 goblins
  2 kobolds
  4 frilled lizards
  A quokka skeleton (D:5)
  2 rats (D:1)
24 creatures vanquished.

Notes
Turn   | Place    | Note
-------+----------+-------------------------------------------
     0 | D:1      | 4thArraOfDagon the Octopode Ice Elementalist began the quest for the Orb.
     0 | D:1      | Reached XP level 1. HP: 11/11 MP: 3/3
   201 | D:2      | Reached XP level 2. HP: 14/17 MP: 5/5
   249 | D:2      | Found a blossoming altar of Fedhas.
   272 | D:2      | Found a sparkling altar of Nemelex Xobeh.
   492 | D:4      | Reached skill level 4 in Ice Magic
   492 | D:4      | Reached XP level 3. HP: 9/21 MP: 1/6
   513 | D:3      | Found a blossoming altar of Fedhas.
   575 | D:4      | Reached XP level 4. HP: 13/27 MP: 3/7
   625 | D:5      | Entered Level 5 of the Dungeon
   705 | D:5      | Noticed a centaur
   718 | D:5      | Killed a centaur
   718 | D:5      | Reached skill level 5 in Ice Magic
   718 | D:5      | Reached XP level 5. HP: 10/31 MP: 3/8
   789 | D:5      | Found an ornate altar of the Wu Jian Council.
   877 | D:5      | Reached skill level 6 in Ice Magic
   904 | D:5      | Noticed Sigmund
   924 | D:5      | Slain by a hound

Vault maps used:
D:1:      erik_arrival_cave_to_civilisation
D:2:      overflow_temple_1_default, nemelex_xobeh_ov_fountains_minmay
D:3:      lemuel_upstairs_altar, nicolae_tso_swordbearing_angel,
          minmay_misc_feat_nine_boxes, nrook_loot_triangle,
          kennysheep_generic_room_14
D:4:      nicolae_ru_sacrificial_ziggurat, serial_shops, kennysheep_little_box,
          uniq_robin
D:5:      old_standard_altar, bloody_trog, first_bread, uniq_sigmund

Skill      XL: |  1  2  3  4  5 |
---------------+----------------+-----
Ice Magic      | 4 5 6 |  6.3
Dodging        | |  2.0
Stealth        | |  2.6
Spellcasting   | |  2.1
Conjurations   | |  1.0

Action                   |  1- 3 |  4- 6 || total
-------------------------+-------+-------++-------
Melee: Hand axe          |    19 |       ||    19
       Unarmed           |     6 |       ||     6
       Constrict         |     7 |     1 ||     8
       Tentacles         |     1 |     3 ||     4
       Rapier            |       |     9 ||     9
       Short sword       |       |     3 ||     3
 Cast: Freeze            |    13 |     9 ||    22
  Use: Scroll            |     7 |     4 ||    11
       Potion            |       |     1 ||     1
 Stab: Sleeping          |     3 |     2 ||     5
Armor: Skin              |     1 |     2 ||     3
Dodge: Dodged            |    21 |    15 ||    36

Table legend:
 A = Spawn XP
 B = Non-spawn XP
 C = Spawn XP percentage of total XP
 D = Spawn monster count
 E = Non-spawn monster count
 F = Spawn count percentage of total count
 G = Total turns spent on level
                    A         B        C        D         E        F      G
               +---------+---------+-------+---------+---------+-------+---------
         Total |       0 |     311 |   0.0 |       0 |      24 |   0.0 |   924
               +---------+---------+-------+---------+---------+-------+---------
           D:1 |       0 |       9 |   0.0 |       0 |       6 |   0.0 |   199
           D:2 |       0 |      13 |   0.0 |       0 |       7 |   0.0 |   121
           D:3 |       0 |       2 |   0.0 |       0 |       2 |   0.0 |   159
           D:4 |       0 |      60 |   0.0 |       0 |       3 |   0.0 |   148
           D:5 |       0 |     227 |   0.0 |       0 |       6 |   0.0 |   297
               +---------+---------+-------+---------+---------+-------+---------
